 Dungeon Crawl Stone Soup version 0.16-b1 (console) character file.

231 mauris the Skirmisher (level 6, 0/55 HPs)
             Began as a Hill Orc Arcane Marksman on Mar 14, 2015.
             Succumbed to poison (a potion of poison)
             ... on level 3 of the Dungeon.
             The game lasted 00:05:28 (3315 turns).

mauris the Skirmisher (Hill Orc Arcane Marksman)    Turns: 3315, Time: 00:05:28

Health: 0/55       AC:  3    Str: 21    XL:     6   Next: 3%
Magic:  8/8        EV: 12    Int: 13    God:
Gold:   100        SH:  0    Dex: 10    Spells: 1 memorised, 6 levels left

rFire  . . .     SeeInvis .     i - +1 dagger (venom)
rCold  . . .     Clarity  .     a - +1 robe {2}
rNeg   . . .     SustAb   .     (no shield)
rPois  .         Gourm    .     (no helmet)
rElec  .         Spirit   .     (no cloak)
rCorr  .         Warding  .     (no gloves)
rMut   .         Stasis   .     (no boots)
MR     .....                    (no amulet)
Stlth  +.........               (no ring)
                                (no ring)

@: mighty, lethally poisoned (0 -> -10), very slightly contaminated, hasted,
very quick, not resistant to hostile enchantments, very unstealthy
A: no striking features
a: no special abilities


You were on level 3 of the Dungeon.
You were not hungry.

You visited 1 branch of the dungeon, and saw 3 of its levels.

You collected 100 gold pieces.

Inventory:

Hand weapons
 i - a +1 dagger of venom (weapon)
Missiles
 e - 5 javelins
 o - a throwing net (quivered)
Armour
 a - a +1 robe (worn) {2}
Jewellery
 h - an uncursed amulet of resist mutation {unknown}
 k - a +2 ring of intelligence {unknown}
 t - a cursed ring of teleportation {unknown}
Scrolls
 j - 3 scrolls of enchant armour
 l - 2 scrolls of remove curse {unknown}
 m - a scroll of fear {unknown}
 n - a scroll of immolation {unknown}
 u - a scroll of recharging {unknown}
 v - 2 scrolls of identify {unknown}
 y - 2 scrolls of teleportation {unknown}
 A - a scroll of magic mapping {unknown}
Potions
 g - 2 potions of resistance {unknown}
 p - a potion of haste {@q3}
 q - a potion of might
 r - a potion of poison {!q}
 s - a potion of beneficial mutation {unknown}
 w - a potion of cancellation {unknown}
 x - 2 potions of curing {unknown}
Books
 d - a book of Debilitation

   Spells                             Type                      Level
   a - Corona                         Hexes                        1
   b - Slow                           Hexes                        2
   c - Inner Flame                    Hexes/Fire                   3
   d - Enslavement                    Hexes                        4
   e - Cause Fear                     Hexes                        4
   f - Leda's Liquefaction            Hexes/Earth                  4
Comestibles
 b - 3 fruits
 c - 2 slices of pizza
 f - 2 meat rations
 z - 4 chunks of flesh


   Skills:
 + Level 4.8 Fighting
 - Level 2.0 Throwing
 + Level 4.2 Armour
 - Level 1.5 Dodging
 - Level 1.0 Spellcasting
 - Level 3.0 Hexes


You had 6 spell levels left.
You knew the following spells:

 Your Spells              Type           Power        Failure   Level  Hunger
a - Corona                Hex            #......      10%         1    ##.....


Dungeon Overview and Level Annotations

Branches:
Dungeon (3/15)

Altars:
Fedhas
Kikubaaqudgha
Nemelex Xobeh

Annotations:
D:1 Ijyb


Message History

As you read the scroll labeled SCHEFORPHO PIME, it crumbles to dust.
It is a scroll of enchant armour.
Enchant which item? (? for menu, Esc to quit)
Your +0 robe {2} glows green for a moment.
The vampire bat bites you.
* * * LOW HITPOINT WARNING * * *
Huge Dmg: -2%(-1hp) hp: 2%(1hp)
The vampire bat completely misses you. The vampire bat barely misses you.
Drink which item? (? for menu, Esc to quit)
It was a potion of haste.
You feel yourself speed up. The vampire bat bites you.
* * * LOW HITPOINT WARNING * * *
The vampire bat barely misses you.
You are very lightly contaminated with residual magic.
Huge Dmg: -2%(-1hp) hp: 2%(1hp) Drink which item? (? for menu, Esc to quit)
It was a potion of poison.
That liquid tasted very nasty...
You are lethally poisoned!
You die...

~~~~P###.###....%....#
~~~~~~.....#.........#
~~~~~...##...........#
~~P7....##...........#
7~7...............####
..........##############
..........# ######.#.#.##
..........###.b.#b}.#.}.##
..........##.#.#@#.#.#.#.##
..........#.}.#.}.#.}.#...#
..........'..#.#.#.#.#.}.}#
#......#..'.#.}.#.}.#..._.#
..........'..#.#.#.#!#.}.}#
)..#..#####.}.#.}.#.}.#...#
..<......###.#.#.#.#.#?#.##
...##....# ##...#.}.#.}.##
...# #.. #####.#.#.##


You could see 2 vampire bats.

Vanquished Creatures
  Jessica (D:3)
  Terence (D:3)
  7 adders
  2 giant mites (D:1)
  6 worms
  2 giant geckos
  2 oozes (D:1)
  3 orcs (D:3)
  12 bats
  4 bat skeletons (D:3)
  A bat zombie (D:3)
  2 giant cockroaches (D:1)
  10 hobgoblins
  6 jackals (D:3)
  12 kobolds
  2 quokkas
  3 giant newts (D:2)
  4 goblins
  8 rats
88 creatures vanquished.

Notes
Turn   | Place    | Note
--------------------------------------------------------------
     0 | D:1      | mauris, the Hill Orc Arcane Marksman, began the quest for the Orb.
     0 | D:1      | Reached XP level 1. HP: 16/16 MP: 2/2
   204 | D:1      | Huge Dmg: 5 dmg
   207 | D:1      | Huge Dmg: 4 dmg
   220 | D:1      | Reached skill level 1 in Armour
   220 | D:1      | Reached XP level 2. HP: 9/24 MP: 3/3
   643 | D:1      | Reached XP level 3. HP: 21/29 MP: 4/4
   945 | D:1      | Huge Dmg: 8 dmg
  1104 | D:1      | Huge Dmg: 6 dmg
  1106 | D:1      | Huge Dmg: 5 dmg
  1129 | D:2      | Noticed Ijyb
  1364 | D:1      | Huge Dmg: 7 dmg
  1568 | D:2      | Reached XP level 4. HP: 30/37 MP: 5/5
  1767 | D:2      | Huge Dmg: 8 dmg
  1841 | D:2      | Found a blossoming altar of Fedhas.
  2123 | D:2      | Found a sparkling altar of Nemelex Xobeh.
  2320 | D:3      | Reached XP level 5. HP: 31/46 MP: 7/7
  2434 | D:3      | Noticed Terence
  2446 | D:3      | Killed Terence
  2462 | D:3      | Noticed Jessica
  2473 | D:3      | Huge Dmg: 8 dmg
  2486 | D:3      | Reached skill level 4 in Fighting
  2493 | D:3      | Killed Jessica
  2916 | D:3      | Huge Dmg: 7 dmg
  2951 | D:3      | Huge Dmg: 8 dmg
  3184 | D:3      | Reached XP level 6. HP: 33/53 MP: 8/8
  3281 | D:3      | Found an ancient bone altar of Kikubaaqudgha.
  3311 | D:3      | Huge Dmg: 4 dmg
  3311 | D:3      | HP: 2/55 [vampire bat (2)]
  3312 | D:3      | Huge Dmg: 2 dmg
  3313 | D:3      | Huge Dmg: 1 dmg
  3315 | D:3      | Huge Dmg: 1 dmg
  3315 | D:3      | Succumbed to poison (a potion of poison)

Action                   |  1- 3 |  4- 6 || total
-------------------------+-------+-------++-------
Melee: Dagger            |    92 |   221 ||   313
       Unarmed           |     4 |       ||     4
Throw: Javelin           |     9 |       ||     9
       Throwing net      |     3 |       ||     3
  Use: Potion            |       |     3 ||     3
       Scroll            |       |     1 ||     1
 Stab: Held in net/web   |     2 |       ||     2
       Sleeping          |       |     1 ||     1
  Eat: Chunk             |     1 |     7 ||     8

Vault maps used:
D:1:      lordsloth_arrival_two_stooges
D:2:      fedhas_altar_1, nemelex_deck, uniq_iyjb
D:3:      kennysheep_vampire_church, serial_bayou_lagoon_b, uniq_grinder,
          uniq_terence, uniq_jessica
